 Dungeon Sprint DCSS version 0.16-a0-3820-g492871e (console) character file.

1299 mauris the Imperceptible (level 8, -3/55 HPs)
             Began as a Spriggan Assassin on Jan 28, 2015.
             Was a Follower of Dithmenos.
             Slain by a demonic crawler (8 damage)
             ... in the Dungeon (Sprint I: "Red Sonja").
             The game lasted 00:01:50 (535 turns).

mauris the Imperceptible (Spriggan Assassin)         Turns: 535, Time: 00:01:50

Health: -3/55      AC:  3    Str: 12    XL:     8   Next: 31%
Magic:  16/16      EV: 17    Int: 12    God:    Dithmenos [*.....]
Gold:   367        SH:  0    Dex: 20    Spells: 0 memorised, 7 levels left

rFire  . . .     SeeInvis +     a - +2 dagger
rCold  . . .     Clarity  .     c - +0 robe
rNeg   . . .     SustAb   .     (shield restricted)
rPois  .         Gourm    .     (helmet restricted)
rElec  .         Spirit   .     d - +0 cloak
rCorr  .         Warding  .     (gloves unavailable)
rMut   .         NoTele   +     (boots unavailable)
MR     +....                    (no amulet)
Stlth  ..........               (no ring)
                                (no ring)

@: berserking (expiring), wreathed by umbra, very quick, somewhat resistant to
hostile enchantments, extremely unstealthy
A: unfitting armour, see invisible, herbivore 3, speed 3, slow metabolism 2
a: Renounce Religion


You were in the Dungeon.
You worshipped Dithmenos.
Dithmenos was aware of your devotion.
You were not hungry.

You visited 1 branch You collected 367 gold pieces.

Inventory:

Hand weapons
 a - a +2 dagger (weapon)
 b - a +0 blowgun {@w1}
Missiles
 e - 8 poisoned needles
 f - 2 curare-tipped needles {!f}
Armour
 c - a +0 robe (worn)
 d - a +0 cloak (worn)
Scrolls
 m - a scroll of blinking
Potions
 h - a potion of curing {@q1}
 i - a potion of heal wounds {@q2}
 j - a potion of haste {@q3}
 k - 2 potions of magic
Comestibles
 g - 2 bread rations


   Skills:
 - Level 1.5 Fighting
 - Level 11.5 Short Blades
 - Level 2.1 Throwing
 - Level 1.5 Dodging
 + Level 21.4 Stealth


You had 7 spell levels left.
You didn't know any spells.

Dungeon Overview and Level Annotations

Branches:
Dungeon (1/1)

Altars:
Cheibriados
Dithmenos
Elyvilon
Fedhas
Gozag
Kikubaaqudgha
Makhleb
Nemelex Xobeh
Okawaru
Qazlal
Ru
Sif Muna
Vehumet
Xom
Yredelemnul
Zin
The Shining One
Jiyva

Shops:
D [


Innate Abilities, Weirdness & Mutations

You are tiny and cannot use many weapons and most armour.
You have supernaturally acute eyesight.
You are a herbivore.
You cover ground extremely quickly.
You need consume almost no food.


Message History

The demonic crawler is almost dead.
The demonic crawler barely misses you. The demonic crawler hits you.
* * * LOW HITPOINT WARNING * * *
The demonic crawler completely misses you.
Huge Dmg: -11%(-6hp) hp: 8%(4hp)
You completely miss the demonic crawler.
The demonic crawler is almost dead.
You hit the demonic crawler.
You kill the demonic crawler!
Dithmenos accepts your kill.
Your Stealth skill increases to level 21!
You hit the demonic crawler but do no damage.
You puncture the demonic crawler!
The demonic crawler is lightly wounded.
You hit the demonic crawler.
The demonic crawler is moderately wounded.
The demonic crawler barely misses you.
The demonic crawler hits you but does no damage.
The demonic crawler hits you!
You die...

##################
.#.)'..#__#..'..)#
.'..#..'..'$$#..i#
'#####'#__####)..ss.#
.#...#.#### #####s.+
##..##.# +## _##'#..+
.%'..._# _##_.#+#
##+#


You could see 3 demonic crawlers.

Vanquished Creatures
  A demonic crawler (D)
  2 kobold demonologists (D)
  A slime creature (D)
  A yak (D)
  An ogre (D)
  Sigmund (D)
  A jelly (D)
  Ijyb (D)
  A giant eyeball (D)
10 creatures vanquished.

Notes
Turn   | Place    | Note
--------------------------------------------------------------
     0 | D        | mauris, the Spriggan Assassin, began the quest for the Orb.
     0 | D        | Reached XP level 1. HP: 10/10 MP: 2/2
     1 | D        | Noticed Ijyb
    15 | D        | Killed Ijyb
    15 | D        | Reached skill level 8 in Stealth
    15 | D        | Reached XP level 2. HP: 11/14 MP: 4/4
    89 | D        | Noticed an ogre
    98 | D        | Huge Dmg: 5 Dmg
   115 | D        | Huge Dmg: 6 Dmg
   117 | D        | Killed an ogre
   117 | D        | Reached skill level 11 in Stealth
   117 | D        | Reached XP level 3. HP: 3/18 MP: 6/6
   117 | D        | Reached XP level 4. HP: 3/22 MP: 8/8
   395 | D        | Noticed Sigmund
   421 | D        | Killed Sigmund
   421 | D        | Reached skill level 12 in Stealth
   421 | D        | Reached XP level 5. HP: 25/25 MP: 10/10
   464 | D        | Found a deep blue altar of Sif Muna.
   465 | D        | Noticed a jelly
   466 | D        | Found a radiant altar of Vehumet.
   470 | D        | Killed a jelly
   470 | D        | Reached skill level 13 in Stealth
   472 | D        | Found Nymus' Antique Armour Emporium.
   472 | D        | Found a white marble altar of Elyvilon.
   472 | D        | Found a stormy altar of Qazlal.
   472 | D        | Found a burning altar of Makhleb.
   472 | D        | Found a sacrificial altar of Ru.
   472 | D        | Found a basalt altar of Yredelemnul.
   472 | D        | Found a glowing golden altar of the Shining One.
   472 | D        | Found a sparkling altar of Nemelex Xobeh.
   472 | D        | Found a shimmering altar of Xom.
   472 | D        | Found an opulent altar of Gozag.
   472 | D        | Found an ancient bone altar of Kikubaaqudgha.
   472 | D        | Found a glowing silver altar of Zin.
   472 | D        | Noticed a yak
   473 | D        | Found an iron altar of Okawaru.
   474 | D        | Killed a yak
   474 | D        | Reached skill level 10 in Short Blades
   474 | D        | Reached skill level 14 in Stealth
   474 | D        | Reached XP level 6. HP: 30/30 MP: 12/12
   495 | D        | Found a viscous altar of Jiyva.
   495 | D        | Found a blossoming altar of Fedhas.
   495 | D        | Noticed a slime creature
   496 | D        | Found a snail-covered altar of Cheibriados.
   496 | D        | Found a shadowy altar of Dithmenos.
   498 | D        | Killed a slime creature
   498 | D        | Reached skill level 16 in Stealth
   501 | D        | Became a worshipper of Dithmenos the Shadowed
   508 | D        | Noticed a kobold demonologist
   509 | D        | Noticed a kobold demonologist
   511 | D        | Killed a kobold demonologist
   511 | D        | Reached skill level 18 in Stealth
   511 | D        | Reached XP level 7. HP: 33/33 MP: 14/14
   514 | D        | Killed a kobold demonologist
   514 | D        | Reached skill level 20 in Stealth
   514 | D        | Reached XP level 8. HP: 37/37 MP: 16/16
   516 | D        | Noticed a demonic crawler
   516 | D        | Noticed a demonic crawler
   516 | D        | Noticed a demonic crawler
   516 | D        | Noticed a demonic crawler
   520 | D        | Huge Dmg: 14 Dmg
   524 | D        | Huge Dmg: 15 Dmg
   529 | D        | Huge Dmg: 8 Dmg
   531 | D        | Huge Dmg: 6 Dmg
   532 | D        | Killed a demonic crawler
   532 | D        | Reached skill level 21 in Stealth
   535 | D        | Slain by a demonic crawler

Action                   |  1- 3 |  4- 6 |  7- 9 || total
-------------------------+-------+-------+-------++-------
Melee: Dagger            |    24 |    28 |    20 ||    72
  Use: Potion            |       |       |     1 ||     1
 Stab: Sleeping          |     1 |     4 |     2 ||     7

Vault maps used:
D:        dungeon_sprint_1
